Map: Blood Boil LE

Players

Norberticus

  • Race: Terran Terran
  • League: Silver
  • Spawn Location: 11:00

Whiskydog - Winner!

  • Race: Terran Terran
  • League: Silver
  • Spawn Location: 5:00

VOD

Have the link to the VOD?

Description

Time

  • Played on: June 7, 2017, 6:34 p.m.
  • Length: 15:58
Show
View Real Time Build Order
Export as new Build Order

Norberticus Terran 

Build Orders:  

Get SALT Encoding   

  12  0:00  Unknown  
  12  0:01  SCV  
  13  0:15  Supply Depot  
  13  0:23  SCV  
  14  0:35  SCV  
  15  0:38  Barracks  
  15  0:44  Refinery  
  15  0:47  SCV  
  16  1:00  Barracks  
  16  1:15  SCV  
  16  1:16  Refinery  
  17  1:28  Marine  
  17  1:32  SCV  
  19  1:46  Reaper  
  20  1:48  SCV  
  20  1:52  Supply Depot  
  21  2:00  SCV  
  22  2:12  SCV  
  23  2:19  Barracks Tech Lab  
  23  2:22  Factory  
  23  2:37  Barracks Reactor  
  23  2:46  SCV  
  23  2:49  Supply Depot  
  24  3:05  Command Center  
  23  3:16  Supply Depot, Barracks Tech Lab  
  23  3:20  SCV  
  23  3:23  Marine x2  
  26  3:29  Supply Depot  
  26  3:41  Starport  
  26  3:48  Reaper  
  27  3:49  Marine x2  
  29  4:10  Marine x2  
  29  4:16  Refinery  
  31  4:17  Siege Tank  
  31  4:18  Refinery  
  34  4:50  SCV  
  34  4:52  Orbital Command  
  35  4:56  Starport Tech Lab  
  35  5:01  Siege Tank  
  35  5:02  Marine x2  
  35  5:03  Marauder  
  35  5:06  SCV  
  43  5:15  Raven  
  45  5:24  SCV  
  46  5:35  Barracks  
  46  5:38  Engineering Bay  
  46  5:50  Siege Tank  
  49  5:58  Raven  
  49  6:00  Starport  
  51  6:05  Starport  
  51  6:10  SCV  
  53  6:16  Orbital Command  
  52  6:25  Supply Depot  
  52  6:27  Marine x2  
  52  6:28  Barracks Tech Lab  
  54  6:35  SCV  
  55  6:44  Medivac  
  57  6:47  Terran Infantry Weapons Level 1, SCV  
  57  6:54  Stimpack  
  58  7:03  Siege Tank  
  61  7:15  Marine x3  
  63  7:31  Marine  
  63  7:34  Marauder  
  63  7:35  Siege Tank  
  69  7:39  SCV  
  69  7:40  SCV  
  71  7:48  Command Center  
  71  7:49  Marauder  
  73  7:53  Medivac  
  75  7:59  Starport  
  75  8:06  SCV x2  
  75  8:09  Siege Tank  
  58  8:32  Liberator  
  45  8:35  Marine x3  
  45  8:36  Marauder  
  44  8:48  Siege Tank  
  44  8:54  Marauder  
  49  9:15  Liberator  
  47  9:26  Marine x2  
  49  9:33  Command Center  
  49  9:35  Starport Reactor  
  44  10:14  Liberator  
  43  10:41  SCV  
  44  10:51  Command Center  
  44  10:58  SCV  
  44  10:59  Liberator  
  44  11:01  Refinery  
  45  11:10  SCV  
  49  11:23  SCV  
  49  11:24  Liberator  
  50  11:35  SCV  
  51  11:45  Liberator  
  54  11:50  Supply Depot  
  54  11:52  Supply Depot  
  54  11:53  Supply Depot  
  57  12:37  Barracks  
  57  12:39  Barracks  
  57  12:52  Supply Depot  
  57  13:26  Starport Reactor  
  57  13:29  Viking x2  
  57  13:32  Siege Tank  
  64  13:35  Marine x2  
  66  13:54  Barracks Reactor  
  66  14:19  Barracks  
  66  14:34  Command Center  
  66  14:38  Viking x3  
  72  14:53  Raven  
  74  15:00  SCV  
  74  15:02  Orbital Command  
  75  15:12  SCV  
  73  15:30  Marauder, Marine x3  
Show
View Real Time Build Order
Export as new Build Order

Whiskydog Terran - Winner!

Build Orders: MMM Bio 

Get SALT Encoding   

  12  0:00  Unknown  
  12  0:03  SCV  
  13  0:14  Supply Depot  
  13  0:18  SCV  
  14  0:31  SCV  
  15  0:40  Barracks  
  15  0:47  Supply Depot  
  15  0:50  SCV  
  16  1:02  SCV  
  17  1:04  Refinery  
  17  1:15  SCV  
  18  1:21  Engineering Bay  
  18  1:27  SCV  
  20  1:39  SCV  
  20  1:46  Barracks  
  20  1:51  SCV  
  20  1:52  Barracks Reactor  
  21  1:57  Refinery  
  21  2:03  SCV  
  21  2:04  Supply Depot  
  22  2:15  SCV  
  23  2:26  Barracks  
  23  2:29  Supply Depot  
  23  2:32  Supply Depot  
  23  2:38  Barracks Reactor  
  23  2:39  Marine  
  24  2:55  Factory  
  24  3:07  SCV  
  24  3:10  Marine  
  26  3:17  Barracks Tech Lab  
  26  3:19  SCV  
  27  3:30  Marine x2  
  27  3:31  Marine x2  
  31  3:47  Orbital Command  
  31  3:49  Marine x2  
  31  3:50  Marine x2  
  35  3:57  Terran Infantry Weapons Level 1  
  35  4:12  Starport  
  35  4:16  Factory Reactor  
  35  4:23  Combat Shields  
  35  4:40  Command Center  
  35  4:47  SCV  
  35  4:48  Marine x2  
  38  4:52  Marine  
  38  4:53  Marine  
  38  4:59  SCV  
  41  5:01  Hellion  
  41  5:06  Starport Reactor  
  43  5:08  Marine  
  43  5:09  Marine  
  43  5:10  Marine  
  46  5:17  Marine  
  47  5:30  Marine x3  
  47  5:35  Marine  
  55  5:39  Cyclone  
  54  5:47  Supply Depot  
  54  5:52  Supply Depot, Cyclone  
  54  5:56  Terran Infantry Armor Level 1  
  57  6:16  SCV  
  58  6:18  Orbital Command  
  58  6:24  Marine  
  58  6:25  Marine x3  
  61  6:28  SCV  
  61  6:30  Cyclone  
  66  6:33  Stimpack  
  66  6:40  SCV  
  66  6:46  Cyclone  
  70  6:48  SCV  
  70  6:53  SCV  
  72  6:54  Marine x2  
  72  6:55  Marine x2  
  72  7:00  SCV  
  77  7:02  Supply Depot  
  77  7:04  Medivac  
  77  7:05  Medivac  
  81  7:12  Marine  
  82  7:48  Medivac x2  
  84  8:02  Marine x2  
  84  8:03  Marine x3  
  89  8:05  Cyclone  
  92  8:18  Medivac  
  94  8:20  Marine  
  94  8:21  Marauder  
  67  8:43  Marauder  
  69  8:49  Marine x2  
  69  8:50  Marine x2  
  70  9:04  Marine  
  70  9:07  Marine x4  
  61  9:22  Marine  
  60  9:25  Marine x3  
  63  9:39  Marine x2  
  63  9:43  Marine  
  63  10:00  Marine  
  63  10:01  Marine x4  
  66  10:18  Marine x3  
  66  10:19  Marine  
  66  10:33  Marine  
  67  10:36  Marine  
  68  10:46  Marine x3  
  71  10:55  Command Center  
  71  11:02  Barracks x2  
  71  11:05  Barracks  
  71  11:11  Factory  
  71  11:13  Factory  
  71  11:18  Starport  
  71  11:24  Marine x2  
  73  11:34  Marine  
  73  11:35  Marine  
  73  11:37  Marauder  
  77  11:56  Starport  
  77  12:01  Barracks Reactor  
  77  12:06  Starport Tech Lab  
  77  12:10  Armory  
  77  12:14  SCV x2  
  77  12:15  Liberator, SCV  
  80  12:19  Marine  
  80  12:20  Marine x2  
  80  12:21  Marine  
  84  12:23  Barracks Reactor  
  84  12:26  SCV x2  
  84  12:27  SCV  
  87  12:35  Marine  
  91  12:40  Barracks Reactor  
  91  12:41  Marine x2  
  91  12:42  Marine x4  
  97  12:53  Marine  
  98  12:59  Marine  
  99  13:24  Marine x3  
  99  13:25  Marine  
  103  13:27  Factory Reactor  
  103  13:29  Factory Tech Lab  
  103  13:34  Marine x3  
  103  13:35  Marine x2  
  103  13:36  Marine  
  109  13:43  Supply Depot x2  
  109  13:46  Supply Depot  
  109  13:57  Factory Reactor  
  109  14:04  Marine x2  
  109  14:08  Orbital Command  
  109  14:09  Marine  
  111  14:10  Marine x4  
  111  14:11  Marine x4  
  120  14:20  Supply Depot  
  120  14:22  Marine x2  
  122  14:25  Starport Reactor  
  122  14:27  Marine  
  123  14:33  Starport Reactor  
  123  14:38  SCV x3  
  126  14:41  Marine  
  126  14:42  Marine x3  
  130  14:47  Cyclone  
  130  14:48  Cyclone x2  
  130  14:50  SCV x2  
  141  15:25  Supply Depot  
  141  15:26  Supply Depot x3  
  141  15:27  Supply Depot x2  
  141  15:28  Supply Depot  
Tags
 
Composition
MMM Bio
Matchup
TvT
Race
Terran
Replay Pack
SIII
Spawn Locations
Cross Positions
Add a new tag
Caveats
  • Supply blocks, unpowered buildings, or Contaminate may cause inaccurate times.
  • Supply counts are checked every 10 seconds.